 Dungeon Crawl Stone Soup version 0.19-a0-1815-g4007336 (webtiles) character file.

336 kae the Shield-Bearer (level 6, 0/50 HPs)
             Began as a Formicid Fighter on Oct 5, 2016.
             Succumbed to kae's ghost's poison
             ... on level 4 of the Dungeon.
             The game lasted 00:02:19 (2238 turns).

kae the Shield-Bearer (Formicid Fighter)            Turns: 2238, Time: 00:02:19

Health: 0/50       AC: 11    Str: 23    XL:     6   Next: 84%
Magic:  6/6        EV:  8    Int:  7    God:
Gold:   179        SH: 10    Dex: 10    Spells: 0 memorised, 5 levels left

rFire  . . .     SeeInvis +     a - +0 long sword
rCold  . . .     Gourm    .     b - +0 scale mail
rNeg   . . .     Faith    .     c - +0 shield
rPois  .         Spirit   .     (helmet unavailable)
rElec  .         Dismiss  .     v - +0 cloak
rCorr  .         Reflect  .     m - +2 pair of gloves
MR     .....     Harm     .     (no boots)
Stlth  ..........               (no amulet)
                                (no ring)
                                (no ring)

@: lethally poisoned (0 -> -13)
A: permanent stasis, dig shafts and tunnels, four strong arms, antennae 3
a: Dig, Shaft Self


You were on level 4 of the Dungeon.
You were not hungry.

You visited 1 branch of the dungeon, and saw 4 of its levels.

You collected 179 gold pieces.

Inventory:

Hand Weapons
 a - a +0 long sword (weapon)
Armour
 b - a +0 scale mail (worn)
 c - a +0 shield (worn)
 m - a +2 pair of gloves (worn)
 v - a +0 cloak (worn)
Jewellery
 k - an uncursed ring of positive energy {unknown}
 w - an uncursed amulet of faith {unknown}
 y - a +2 ring of dexterity {unknown}
Scrolls
 e - 2 scrolls of enchant weapon {unknown}
 g - a scroll of immolation {unknown}
 h - a scroll of magic mapping {unknown}
 i - 3 scrolls of enchant armour {unknown}
 p - a scroll of remove curse {unknown}
 s - a scroll of teleportation {unknown}
 t - 2 scrolls of identify {unknown}
Potions
 l - a potion of degeneration {unknown}
 n - a potion of lignification {unknown}
Comestibles
 f - a bread ration
 j - 5 meat rations
 r - a slice of pizza
 u - 3 beef jerkies
 z - 4 chunks of flesh


   Skills:
 + Level 4.8 Fighting
 * Level 4.8 Long Blades
 - Level 3.2 Armour
 + Level 5.3 Shields


You had 5 spell levels left.
You didn't know any spells.

Dungeon Overview and Level Annotations

Branches:
Dungeon (4/15)
 Temple: D:4-7

Altars:
Yredelemnul


Innate Abilities, Weirdness & Mutations

You are under a permanent stasis effect.
You can dig through walls and to a lower floor.
Your four strong arms can wield two-handed weapons with a shield.
You have a pair of large antennae on your head. (SInv)


Message History

* * * LOW HITPOINT WARNING * * *
You feel sick. The giant cockroach bites you.
* * * LOW HITPOINT WARNING * * *
The giant cockroach bites you but does no damage.
* * * LOW HITPOINT WARNING * * *
You feel sick. The giant cockroach barely misses you.
You barely miss the giant cockroach.
* * * LOW HITPOINT WARNING * * *
You feel sick.
The giant cockroach bites you but does no damage.
You barely miss the giant cockroach.
* * * LOW HITPOINT WARNING * * *
You feel sick.
You block the giant cockroach's attack. x2
You barely miss the giant cockroach.
* * * LOW HITPOINT WARNING * * *
You feel sick. The giant cockroach barely misses you.
You riposte.
You hit the giant cockroach.
The giant cockroach is moderately wounded.
It was a potion of cancellation.
You feel magically purged.
You die...

#####.##......##..#
##.....###....###..#
##.......###..##
..## #.........#####
...# #..........#
..... #..........#
..... #.........##
#.... #........##
##...s@.## #......#
#.......$.
#...........
#......!...##
#........>.#
#..........#
##.........#


You could see a giant cockroach.

Vanquished Creatures
  The ghost of kae the Ruffian, an amateur DrTm (D:4)
  Blork the orc (D:4)
  Terence (D:2)
  4 adders
  An ooze (D:1)
  A worm (D:3)
  2 dart slugs (D:1)
  3 leopard geckos
  An orc (D:3)
  3 bats
  4 giant cockroaches
  10 goblins
  3 hobgoblins
  12 kobolds
  2 ball pythons (D:2)
  A frilled lizard (D:1)
  8 rats
  A spectral orc (D:2)
59 creatures vanquished.

Notes
Turn   | Place    | Note
-------+----------+-------------------------------------------
     0 | D:1      | kae the Formicid Fighter began the quest for the Orb.
     0 | D:1      | Reached XP level 1. HP: 18/18 MP: 1/1
    73 | D:1      | Reached XP level 2. HP: 23/24 MP: 2/2
   211 | D:1      | Reached XP level 3. HP: 28/29 MP: 3/3
   360 | D:1      | Reached skill level 4 in Shields
   894 | D:2      | Reached XP level 4. HP: 34/37 MP: 4/4
  1291 | D:2      | Noticed Terence
  1298 | D:2      | Killed Terence
  1589 | D:2      | Found a basalt altar of Yredelemnul.
  1716 | D:3      | Reached XP level 5. HP: 42/42 MP: 5/5
  2145 | D:4      | Noticed Blork the orc
  2151 | D:4      | Killed Blork the orc
  2151 | D:4      | Reached skill level 5 in Shields
  2151 | D:4      | Reached XP level 6. HP: 40/49 MP: 6/6
  2203 | D:4      | Noticed kae's ghost (amateur DrTm)
  2233 | D:4      | Killed kae's ghost
  2237 | D:4      | HP: 2/50 [poisoned by kae's ghost]
  2238 | D:4      | Succumbed to kae's ghost's poison

Vault maps used:
D:1:      ncdulo_wetmaze, minivault_27
D:2:      yredelemnul_forgotten_temple_becter, uniq_terence
D:3:      grunt_decor_cap
D:4:      grunt_temple_overflow_opulence, first_bread, minivault_19,
          uniq_eustachio, uniq_blork_the_orc

Skill      XL: |  1  2  3  4  5 |
---------------+----------------+-----
Long Blades    | 3 4 |  4.8
Shields        | 4 5 |  5.3
Fighting       | 4 |  4.8
Armour         | |  3.2

Action                   |  1- 3 |  4- 6 || total
-------------------------+-------+-------++-------
Melee: Long sword        |   104 |   118 ||   222
 Abil: Dig               |       |     1 ||     1
  Use: Potion            |       |     5 ||     5
  Eat: Chunk             |       |     5 ||     5
Armor: Scale mail        |    42 |    66 ||   108
Dodge: Dodged            |    47 |    49 ||    96
Block: Shield            |    55 |    70 ||   125
       Rpst.: Long sword |    13 |    12 ||    25
